cohdb
Replays
Latest Replays
All Replays
Popular Replays
Top Player Replays
Match Explorer
How It Works
Community
CoH3 Stats
Reddit
Sign in to upload your games and track your stats! →
Sign in with Steam
Match 31584642
Unlisted
Match 31584642
Overview
Messages
Build Orders
End
Royal Engineer Section
Construct Section Command Post
Infantry Section
Infantry Section
Infantry Section
Construct Platoon Command Post
Humber Armored Car
Construct Field Infirmary
6-pounder Anti-tank Gun Team
Selects Indian Artillery Battlegroup
Selects Towed ML 4.2-inch Heavy Mortar
Towed ML 4.2-inch Heavy Mortar
Infantry Training
Grenade Package
Construct Company Command Post
Unlock M3 Grant Medium Tanks
Selects Valour
Selects Gurkha Rifles Section
Selects Volunteer Infantry
Selects Off-map Airburst Barrage
Foot Guards Section
Makros
UMirinBrah?
0
0
Comments
sign in to comment!
No comments posted yet!